 Dungeon Crawl Stone Soup version 0.28-a0-1227-ga9037bb4c8 (webtiles) character file.

Game seed: 17849057244232945031

89131 sanka the Spry (level 15, -17/141 HPs)
             Began as a Demigod Air Elementalist on Dec 22, 2021.
             Killed from afar by an ironbound thunderhulk (56 damage)
             ... with a bolt of lightning
             ... summoned by a worldbinder
             ... on level 3 of the Abyss.
             The game lasted 01:15:35 (44221 turns).

sanka the Spry (Demigod Air Elementalist)          Turns: 44221, Time: 01:15:35

Health: -17/141    AC: 17    Str:  9    XL:     15   Next: 8%
Magic:  3/40       EV: 16    Int: 49    God:
Gold:   1095       SH:  0    Dex: 14    Spells: 3/30 levels left

rFire   + . .      SeeInvis .   a - +4 dire flail (venom)
rCold   . . .      Faith    .   (shield currently unavailable)
rNeg    . . .      Spirit   .   j - +5 ring mail "Neehuil" {MP+9}
rPois   +          Reflect  .   B - +0 helmet
rElec   .          Harm     .   l - +2 cloak
rCorr   .          Rampage  .   (no gloves)
Will    +....                   m - +2 pair of boots
Stlth   +.........              P - amulet of the acrobat
HPRegen 0.33/turn               I - ring "Koprople" {rPois rF+ Int+6}
MPRegen 0.27/turn               p - +6 ring of intelligence

@: no status effects
A: high mp 1, forlorn, divine attributes
a: no special abilities


You were on level 3 of the Abyss.
You visited 3 branches of the dungeon, and saw 23 of its levels.
You visited the Abyss 1 time.
You also visited: Volcano.

You collected 2551 gold pieces.
You spent 1456 gold pieces at shops.


Innate Abilities, Weirdness & Mutations

You have an increased reservoir of magic. (+10% MP)
You shall have no god before yourself.
Your divine heritage dramatically boosts your attributes as you level up.


   Skills:
 - Level 15.0 Fighting
 - Level 15.0 Dodging
 - Level 1.7 Stealth
 + Level 8.1 Spellcasting
 + Level 6.9 Conjurations
 + Level 11.0 Air Magic


You had 3 spell levels left.
You knew the following spells:

 Your Spells              Type           Power      Damage    Failure   Level
c - Lightning Bolt        Conj/Air       41%        1d60      2%          5
s - Swiftness             Air            91%        N/A       1%          3
x - Airstrike             Air            45%        N/A       1%          4
y - Maxwell's Capacitive  Air            45%        ∞         92%         8
z - Shock                 Conj/Air       100%       1d9       1%          1
X - Summon Lightning Spi  Summ/Air       65%        N/A       3%          4
Z - Static Discharge      Conj/Air       83%        N/A       1%          2

Your spell library contained the following spells:

 Spells                   Type           Power      Damage    Failure   Level
 Magic Dart               Conj           100%       1d8       1%          1
 Poisonous Vapours        Pois/Air       100%       N/A       1%          2
 Searing Ray              Conj           100%       2d8       1%          2
 Slow                     Hex            76%        N/A       3%          1
 Sting                    Tmut/Pois      76%        1d6       3%          1
 Call Imp                 Summ           19%        N/A       4%          2
 Call Canine Familiar     Summ           19%        N/A       10%         3
 Confusing Touch          Hex            19%        N/A       10%         3
 Gell's Gravitas          Tloc           19%        N/A       10%         3
 Inner Flame              Hex/Fire       19%        N/A       10%         3
 Lesser Beckoning         Tloc           19%        N/A       10%         3
 Ozocubu's Armour         Ice            19%        N/A       10%         3
 Portal Projectile        Hex/Tloc       38%        N/A       10%         3
 Summon Guardian Golem    Hex/Summ       19%        N/A       10%         3
 Teleport Other           Tloc           19%        N/A       10%         3
 Fulminant Prism          Conj/Hex       26%        3d14      8%          4
 Freezing Cloud           Conj/Ice/Air   34%        6-21      8%          5
 Animate Armour           Summ/Erth      38%        N/A       32%         4
 Cause Fear               Hex            9%         N/A       32%         4
 Leda's Liquefaction      Hex/Erth       9%         N/A       32%         4
 Olgreb's Toxic Radiance  Pois           19%        N/A       32%         4
 Summon Forest            Summ/Tloc      9%         N/A       65%         5
 Yara's Violent Unravell  Hex/Tmut       9%         3d6       65%         5
 Iron Shot                Conj/Erth      26%        9d6       75%         6
 Orb of Destruction       Conj           36%        9d13      85%         7
 Dispersal                Tloc           9%         N/A       99%         6
 Eringya's Noxious Bog    Tmut/Pois      9%         N/A       99%         6
 Simulacrum               Ice/Necr       9%         N/A       99%         6
 Ozocubu's Refrigeration  Ice            9%         4d6       100%        7
 Spellforged Servitor     Conj/Summ      26%        N/A       100%        7
 Summon Hydra             Summ           9%         N/A       100%        7
 Discord                  Hex            9%         N/A       100%        8
 Ignition                 Fire           9%         3d5       100%        8
 Polar Vortex             Ice            9%         N/A       100%        9

Inventory:

Hand Weapons
 a - a +4 dire flail of venom (weapon)
 R - a +0 scimitar of flaming
 V - a +1 dagger of distortion
Missiles
 O - 6 throwing nets {=f}
 T - 4 curare-tipped darts {=f}
Armour
 j - the +5 ring mail "Neehuil" (worn) {MP+9}

   MP:        It affects your magic capacity (+9).
 l - a +2 cloak (worn)
 m - a +2 pair of boots (worn)
 B - a +0 helmet (worn)
Jewellery
 d - the ring "Illec" {rC+ SInv}

   [ring of see invisible]

   rC:        It protects you from cold.
   SInv:      It lets you see invisible.
 p - a +6 ring of intelligence (right hand)
 s - a +6 ring of dexterity
 x - a ring of resist corrosion
 I - the ring "Koprople" (left hand) {rPois rF+ Int+6}

   [ring of intelligence]

   Int:       It affects your intelligence (+6).
   rF:        It protects you from fire.
   rPois:     It protects you from poison.
 M - a +6 ring of strength
 P - an amulet of the acrobat (around neck)
 S - a +4 ring of evasion
 Y - a +4 ring of protection
Wands
 b - a wand of paralysis (9)
 r - a wand of digging (8)
 v - a wand of acid (13)
 w - a wand of flame (34)
 D - a wand of polymorph (17)
 F - a wand of charming (8)
 L - a wand of mindburst (15)
 W - a wand of iceblast (11)
Scrolls
 e - a scroll of immolation {!r}
 f - a scroll of torment {unknown}
 i - 5 scrolls of fog
 n - 6 scrolls of magic mapping
 o - 2 scrolls of blinking
 u - a scroll of summoning
 y - a scroll of enchant armour
 C - 7 scrolls of teleportation {@r4}
 E - 4 scrolls of enchant weapon
 J - a scroll of brand weapon
 K - 3 scrolls of vulnerability {!r}
 X - a scroll of amnesia
Potions
 c - 4 potions of mutation {!q}
 g - 4 potions of brilliance
 h - 3 potions of magic
 k - a potion of berserk rage {unknown}
 q - 6 potions of might
 t - 6 potions of curing {@q1}
 z - 2 potions of lignification {unknown}
 A - 4 potions of attraction {!q}
 G - 3 potions of flight
 H - 2 potions of ambrosia {unknown}
 N - 4 potions of invisibility
 Q - 2 potions of resistance
 U - 3 potions of heal wounds {unknown}
 Z - a potion of haste {unknown}

Dungeon Overview and Level Annotations

Branches:
Dungeon (15/15)            Temple (0/1) D:7            Lair (6/6) D:9
 Shoals (0/4) Lair:2       Spider (0/4) Lair:3        Slime (0/5) Lair:5
    Orc (2/2) D:10            Elf (0/3) Orc:2        Vaults (0/5) D:13
Volcano (visited)
 Depths: D:15

Shops:
Orc:2 *:?!*

Annotations:
Orc:1 DavidChitty2's ghost, journeyman MiFi

.. ▒▒..▒ ▒ .. . . ▒ .
▒ .▒▒ .▒ ▒. ▒ ▒.
..▒▒▒▒. .. ..
...▒..▒.▒... .▒ .▒
..... ▒▒.▒..▒ ▒. ▒ ▒3.
. . ▒.▒▒▒▒.▒...▒
.▒.▒▒.▒ . ▒▒...▒
▒....▒▒.....▒▒. .▒
.▒▒. ▒...pu▒▒▒..... ▒
▒▒▒....▒.▒▒..▒▒▒xO...▒
... ▒.▒.▒..▒#.O▒▒▒...
▒ ...▒▒.▒.. u▒.▒▒.▒/
▒..▒ .....▒ .▒......▒
. .. ▒...▒..▒...▒....▒
▒ ▒▒. ▒▒ 3.▒▒ ..▒.▒
...▒ ▒ ▒...
▒.▒▒x...▒... ......▒ .
..▒. .▒....▒▒


You could see a white very ugly thing (summoned), 2 ironbound thunderhulks and a
worldbinder.


Message History

Aim: a smoke demon (lightly wounded, empty space bonus: 1/8)
The air twists around and strikes the smoke demon!
The smoke demon is heavily wounded.
The worldbinder calls forth creatures from the Vaults!
The smoke demon gestures at you. Something smites you!
* * * LOW HITPOINT WARNING * * *
Unknown command.
Aiming: Airstrike (safe; 1% risk of failure)
Aim: a smoke demon (heavily wounded, empty space bonus: 1/8)
The air twists around and strikes the smoke demon!
The smoke demon is severely wounded.
The smoke demon hits you but does no damage.
The smoke demon barely misses you. The smoke demon misses you.
Unknown command.
Unknown command.
Aiming: Airstrike (safe; 1% risk of failure)
Aim: a smoke demon (severely wounded, empty space bonus: 1/8)
The air twists around and strikes the smoke demon!
You kill the smoke demon!
Unknown command.
Unknown command.
You hit the worldbinder.
The worldbinder is almost destroyed.
The worldbinder hits you but does no damage.
The worldbinder closely misses you.
Electricity crackles from the ironbound thunderhulk's apparatus.
The bolt of lightning hits you!!!
You die...

Action                   |  1- 3 |  4- 6 |  7- 9 | 10-12 | 13-15 || total
-------------------------+-------+-------+-------+-------+-------++-------
Melee: Unarmed           |     6 |     1 |       |       |       ||     7
       Dire flail        |       |       |    28 |   287 |   254 ||   569
       Rapier            |       |       |       |    11 |       ||    11
 Cast: Shock             |    65 |   115 |   168 |    29 |     3 ||   380
       Static Discharge  |     1 |     5 |    22 |    49 |   101 ||   178
       Airstrike         |       |       |    57 |   367 |   515 ||   939
       Swiftness         |       |       |     1 |     3 |     1 ||     5
       Lightning Bolt    |       |       |       |       |    15 ||    15
       Summon Lightning  |       |       |       |       |     2 ||     2
Evoke: Wand              |       |       |       |     1 |       ||     1
  Use: Scroll            |       |       |       |    13 |     9 ||    22
       Potion            |       |       |       |     2 |     1 ||     3
 Stab: Sleeping          |       |       |     1 |       |       ||     1
       Petrified         |       |       |       |       |     6 ||     6
Armor: Robe              |     6 |     9 |     4 |       |       ||    19
       Leather armour    |       |       |    17 |       |       ||    17
       Acid dragon scale |       |       |     9 |   153 |     8 ||   170
       Ring mail         |       |       |       |       |   197 ||   197
Dodge: Dodged            |    21 |    14 |    53 |   518 |   466 ||  1072

Levels and vault maps discovered:
D:1:      onia_arrival_pentagram, layout_basic,
          chequers_ecumenical_altar_simple_redux
D:2:      layout_loops_ring
D:3:      layout_loops_cross, chequers_temple_overflow_minitemple,
          kennysheep_pointless_box, kennysheep_boxes
D:4:      minmay_evil_eye, layout_basic, grunt_ashenzari_visionary
          [grunt_ashenzari_visionary_shoals, grunt_ashenzari_visionary_spider],
          nicolae_concentric_dashed_squares_wild, uniq_sigmund
D:5:      layout_cave_pools, serial_glass, glass_columns_b, glass_columns_a,
          glass_columns_a
D:6:      wad_crossroads, layout_basic, kennysheep_generic_room_12,
          uniq_eustachio, uniq_edmund, uniq_prince_ribbit1
D:7:      lemuel_castle_with_subvaults [lemuel_castle_interior_original],
          layout_gridville, minmay_temple_entry_statues, nrook_mini_vaults,
          columned_hall_lemuel, minmay_misc_feat_five, uniq_maggie
D:8:      layout_loops_corners, lemuel_round_altar
D:9:      layout_loops_ring, kennysheep_mini_moat, dpeg_oklobed_lair, uniq_grum
D:10:     layout_irregular_city, hiddenorc2_lemuel, serial_column_ruins,
          column_ruins_hut_pillars, column_ruins_hut, column_ruins_open_small,
          column_ruins_columns_straight, column_ruins_open_tiny,
          column_ruins_open_tiny, column_ruins_grid_1, uniq_harold,
          uniq_josephine
D:11:     layout_roguey, uniq_erica
D:12:     nicolae_cairo_tiling_large_dashed, layout_irregular_city, uniq_sonja
D:13:     layout_basic, david_vaults_1, fedhas_altar_2
D:14:     layout_loops_cross, nicolae_dithmenos_the_darkroom, uniq_nessos
D:15:     hangedman_depths_entry_civil_slaughter, layout_gridville, hex_tiny,
          uniq_jorgrun
Lair:1:   layout_cave_pods
Lair:2:   layout_roguey, elwin_shoals_entry_stream, serial_bayou,
          serial_bayou_ford_a, serial_bayou_shore_b, serial_bayou_shore_a,
          serial_bayou_pond_b, basic_altar, gammafunk_lair_bear_cave
Lair:3:   layout_chaotic_city, spider_nest_entry_web_field, beast_lair_carwin_8,
          wad_woods_river_01
Lair:4:   layout_long_grid, enter_volcano_2
Lair:5:   layout_layer_cave, slime_altar_1, amcnicky_mini_pool_medium
Lair:6:   evilmike_catoblepas_cave, layout_gridlike
Orc:1:    layout_diamond_mine, uniq_urug
Orc:2:    st_orc_town, layout_caves, ebering_ghost_gozag, elves_outpost_lemuel
Abyss:3:  base: D:4, evilmike_abyss_exit_2, evilmike_abyss_rune_ettins

Notes
Turn   | Place    | Note
-------+----------+-------------------------------------------
     0 | D:1      | sanka the Demigod Air Elementalist began the quest for the
                  | Orb.
     0 | D:1      | Reached XP level 1. HP: 14/14 MP: 5/5
    35 | D:1      | Reached skill level 2 in Spellcasting
    36 | D:1      | Reached skill level 1 in Conjurations
   343 | D:1      | Reached XP level 2. HP: 20/20 MP: 7/7
   480 | D:1      | Reached skill level 2 in Conjurations
   906 | D:2      | Reached XP level 3. HP: 26/26 MP: 8/8
   909 | D:2      | Learned a level 2 spell: Static Discharge
   913 | D:2      | Learned a level 3 spell: Swiftness
  1362 | D:2      | Reached skill level 3 in Air Magic
  1838 | D:3      | Reached skill level 3 in Conjurations
  1838 | D:3      | Reached XP level 4. HP: 33/33 MP: 9/9
  3077 | D:4      | Reached XP level 5. HP: 35/38 MP: 10/10
  3173 | D:4      | Noticed Sigmund
  3189 | D:4      | Reached skill level 4 in Air Magic
  3269 | D:4      | Reached skill level 4 in Conjurations
  3476 | D:4      | Saw a vision of the Shoals and the Spider Nest.
  3476 | D:4      | Noticed a sea snake
  3476 | D:4      | Noticed a merfolk
  3476 | D:4      | Noticed a merfolk siren
  3476 | D:4      | Noticed a merfolk
  3476 | D:4      | Noticed a merfolk siren
  3476 | D:4      | Noticed a sea snake
  3476 | D:4      | Noticed a sea snake
  3476 | D:4      | Noticed a wind drake
  3476 | D:4      | Noticed a merfolk siren
  3476 | D:4      | Noticed a centaur
  3476 | D:4      | Noticed a redback
  3476 | D:4      | Noticed a wolf spider
  3476 | D:4      | Noticed a redback
  3476 | D:4      | Noticed a hornet
  3476 | D:4      | Noticed a wolf spider
  3476 | D:4      | Noticed a redback
  3477 | D:4      | Noticed a merfolk siren
  3478 | D:4      | Noticed a sea snake
  3478 | D:4      | Noticed a wolf spider
  3478 | D:4      | Noticed a hornet
  3982 | D:4      | Killed Sigmund
  3983 | D:4      | Reached XP level 6. HP: 36/45 MP: 11/11
  4059 | D:5      | Entered Level 5 of the Dungeon
  4222 | D:5      | Reached skill level 5 in Conjurations
  4222 | D:5      | Reached skill level 5 in Air Magic
  4274 | D:5      | Reached XP level 7. HP: 50/50 MP: 9/14
  4353 | D:5      | Learned a level 4 spell: Airstrike
  4397 | D:5      | Reached skill level 3 in Spellcasting
  4878 | D:6      | Reached skill level 6 in Air Magic
  4943 | D:6      | Noticed Prince Ribbit
  4948 | D:6      | Killed Prince Ribbit
  4949 | D:6      | Reached skill level 4 in Spellcasting
  4949 | D:6      | Reached XP level 8. HP: 45/57 MP: 14/17
  5079 | D:6      | Reached skill level 7 in Air Magic
  5614 | D:6      | Noticed Eustachio
  5618 | D:6      | Killed Eustachio
  5619 | D:6      | Reached skill level 8 in Air Magic
  6157 | D:6      | Noticed Edmund
  6171 | D:6      | Killed Edmund
  6172 | D:6      | Reached skill level 9 in Air Magic
  6643 | D:9      | Found a staircase to the Lair.
  6760 | D:8      | Reached XP level 9. HP: 48/62 MP: 18/18
  7113 | D:7      | Reached skill level 10 in Air Magic
  7113 | D:7      | Reached skill level 2 in Dodging
  7116 | D:7      | Reached skill level 1 in Fighting
  7291 | D:7      | Reached skill level 2 in Fighting
  7328 | D:7      | Reached skill level 3 in Dodging
  7443 | D:7      | Identified +0 acid dragon scales
  7443 | D:7      | Noticed Maggie
  7454 | D:7      | Found a staircase to the Ecumenical Temple.
  7517 | D:7      | Killed Maggie
  7518 | D:7      | Reached skill level 3 in Fighting
  7728 | D:6      | Reached skill level 4 in Dodging
  7997 | D:7      | Reached skill level 4 in Fighting
  8624 | D:7      | Reached skill level 5 in Dodging
  9340 | D:7      | Reached skill level 5 in Fighting
  9366 | D:7      | Reached XP level 10. HP: 81/81 MP: 7/19
  9913 | D:7      | Reached skill level 6 in Dodging
 10233 | D:7      | Reached skill level 6 in Fighting
 11316 | D:8      | Reached skill level 7 in Dodging
 11460 | D:8      | Reached skill level 7 in Fighting
 12437 | D:9      | Noticed Grum
 12452 | D:9      | Killed Grum
 12923 | D:9      | Noticed a two-headed ogre
 13116 | D:9      | Killed a two-headed ogre
 13117 | D:9      | Reached skill level 8 in Dodging
 13989 | D:10     | Entered Level 10 of the Dungeon
 14063 | D:10     | Noticed Josephine
 14079 | D:10     | Killed Josephine
 14080 | D:10     | Reached skill level 8 in Fighting
 14080 | D:10     | Reached XP level 11. HP: 94/94 MP: 4/20
 14086 | D:10     | Noticed a two-headed ogre
 14260 | D:10     | Killed a two-headed ogre
 15156 | D:10     | Noticed Harold
 15162 | D:10     | Killed Harold
 15163 | D:10     | Reached skill level 9 in Dodging
 15303 | D:10     | Noticed a boulder beetle
 15318 | D:10     | Killed a boulder beetle
 15319 | D:10     | Reached skill level 9 in Fighting
 15510 | D:10     | Found a staircase to the Orcish Mines.
 16134 | D:11     | Noticed a skeletal warrior
 16134 | D:11     | Noticed a skeletal warrior
 16134 | D:11     | Noticed a skeletal warrior
 16400 | D:9      | Killed a skeletal warrior
 16561 | D:10     | Killed a skeletal warrior
 17120 | D:11     | Noticed Erica
 17134 | D:11     | Killed Erica
 17135 | D:11     | Reached skill level 10 in Dodging
 17422 | D:11     | Reached skill level 10 in Fighting
 17574 | D:11     | Noticed a skeletal warrior
 17574 | D:11     | Noticed a skeletal warrior
 17611 | D:11     | Killed a skeletal warrior
 17730 | D:11     | Killed a skeletal warrior
 17908 | D:11     | Noticed a skeletal warrior
 17929 | D:11     | Killed a skeletal warrior
 18121 | D:11     | Killed a skeletal warrior
 18847 | D:11     | Noticed a skeletal warrior
 18856 | D:11     | Killed a skeletal warrior
 18857 | D:11     | Reached XP level 12. HP: 89/108 MP: 1/21
 19502 | D:12     | Reached skill level 11 in Fighting
 19502 | D:12     | Reached skill level 11 in Dodging
 20042 | D:12     | Reached skill level 5 in Spellcasting
 20516 | D:12     | Identified +0 acid dragon scales
 20590 | D:12     | Noticed Sonja
 20592 | D:12     | Killed Sonja
 20663 | D:12     | Reached skill level 6 in Spellcasting
 21054 | Lair:1   | Entered Level 1 of the Lair of Beasts
 21782 | Lair:1   | Noticed a five-headed hydra
 21786 | Lair:1   | Killed a five-headed hydra
 21787 | Lair:1   | Reached skill level 7 in Spellcasting
 23250 | Lair:1   | Reached skill level 8 in Spellcasting
 23947 | Lair:2   | Found a staircase to the Shoals.
 25614 | Lair:3   | Reached XP level 13. HP: 116/116 MP: 13/29
 25990 | Lair:3   | Found a hole to the Spider Nest.
 26836 | Lair:3   | Reached skill level 12 in Fighting
 26836 | Lair:3   | Reached skill level 12 in Dodging
 27994 | Lair:4   | Found a dark tunnel.
 28051 | Volcano  | Entered a volcano
 28962 | Volcano  | Noticed an orb of fire
 28965 | Volcano  | Noticed an orb of fire
 29205 | Volcano  | Identified the ring "Illec" {rC+ SInv}
 29509 | Lair:4   | Identified the +5 ring mail "Neehuil" {MP+9}
 30463 | Lair:5   | Found a staircase to the Slime Pits.
 31338 | Lair:6   | Entered Level 6 of the Lair of Beasts
 31493 | Lair:6   | Reached skill level 13 in Fighting
 31493 | Lair:6   | Reached skill level 13 in Dodging
 33315 | Lair:6   | Reached XP level 14. HP: 130/130 MP: 23/30
 34138 | Lair:6   | HP: 13/130 [manticore (11)]
 34141 | Lair:6   | Reached skill level 14 in Fighting
 34563 | Lair:6   | Reached skill level 14 in Dodging
 34870 | Lair:6   | Identified the ring "Koprople" {rPois rF+ Int+6}
 35074 | Orc:1    | Entered Level 1 of the Orcish Mines
 35176 | Orc:1    | Noticed Urug
 35188 | Orc:1    | Paralysed by Urug for 7 turns
 35200 | Orc:1    | Killed Urug
 35396 | Orc:2    | Entered Level 2 of the Orcish Mines
 35586 | Orc:2    | Found a staircase to the Elven Halls.
 37489 | Orc:2    | Found Nuvaess's Magic Scroll Shoppe.
 37489 | Orc:2    | Found Saanuy's Distillery.
 37594 | Orc:2    | Found a runed translucent gate.
 37594 | Orc:2    | Found a runed translucent gate.
 37594 | Orc:2    | Found a runed translucent gate.
 38479 | Orc:2    | Found Raupo's Assorted Antiques.
 38479 | Orc:2    | Found Jidex's Book Boutique.
 38493 | Orc:2    | Bought a book of Lightning for 468 gold pieces
 38493 | Orc:2    | Bought the Grimoire of the Supportive Rocks for 390 gold
                  | pieces
 38493 | Orc:2    | Bought a book of Ice for 598 gold pieces
 38498 | Orc:2    | Learned a level 4 spell: Summon Lightning Spire
 38504 | Orc:2    | Learned a level 5 spell: Lightning Bolt
 38554 | Orc:2    | Found Jonn's Assorted Antiques.
 38554 | Orc:2    | Noticed DavidChitty2's ghost (journeyman MiFi)
 40055 | D:13     | Reached skill level 15 in Fighting
 40055 | D:13     | Reached skill level 15 in Dodging
 41152 | D:13     | Found a gate to the Vaults.
 41644 | D:14     | Got the Almanac of Flight and Stones
 42099 | D:14     | Noticed Nessos
 42106 | D:14     | Killed Nessos
 42403 | D:14     | Reached skill level 6 in Conjurations
 43706 | D:15     | Entered Level 15 of the Dungeon
 43716 | D:15     | Noticed Jorgrun
 43916 | D:15     | Reached XP level 15. HP: 141/141 MP: 24/31
 43984 | D:14     | Learned a level 8 spell: Maxwell's Capacitive Coupling
 43992 | D:15     | Killed Jorgrun
 44127 | D:15     | Reached skill level 11 in Air Magic
 44129 | D:15     | Cast into level 3 of the Abyss (a wizard)
 44221 | Abyss:3  | Killed from afar by an ironbound thunderhulk

Vanquished Creatures
  Jorgrun (D:15)
  Nessos (D:14)
  An ettin (Orc:1)
  Josephine (D:10)
  3 hydras
  Harold (D:10)
  2 boulder beetles
  4 catoblepae
  Erica (D:11)
  3 two-headed ogres
  A centaur warrior (D:14)
  10 death yaks
  4 tengu warriors
  Urug (Orc:1)
  6 orc high priests (Orc:2)
  Sonja (D:12)
  7 skeletal warriors
  2 deep trolls (D:15)
  A wizard (Volcano)
  An orc knight (Orc:1)
  3 deep elf zephyrmancers (Orc:2)
  9 deep elf pyromancers
  8 ugly things
  2 salamanders (Volcano)
  9 cyclopes
  4 manticores
  2 merfolk sirens (Lair:2)
  13 elephants
  3 molten gargoyles (Volcano)
  5 black mambas
  2 torpor snails
  2 gargoyles
  A smoke demon (Abyss:3)
  8 cane toads
  A kobold demonologist (D:12)
  Maggie (D:7)
  4 rime drakes
  2 unseen horrors
  8 komodo dragons
  2 merfolk (Lair:2)
  A tengu conjurer (D:15)
  A queen bee (shapeshifter) (D:13)
  A meliai (shapeshifter) (D:14)
  4 polar bears
  5 trolls
  2 hornets
  A troll (shapeshifter) (D:12)
  Prince Ribbit (D:6)
  14 blink frogs
  A meliai zombie (D:11)
  12 slime creatures
  Sigmund (D:4)
  A shadow (D:11)
  2 wyverns (D:9)
  6 wraiths
  40 yaks
  Eustachio (D:6)
  3 basilisks
  Grum (D:9)
  A steam dragon (Lair:4)
  4 vampire mosquitoes (D:12)
  4 acid dragons
  7 wargs
  Edmund (D:6)
  6 water moccasins
  19 orc warriors
  2 black bears
  12 ogres
  2 necrophages (D:8)
  3 wolves (D:9)
  11 centaurs
  2 kobold brigands
  A phantom (D:5)
  11 bullfrogs
  A scorpion (D:6)
  A wyvern zombie (D:7)
  4 gnoll sergeants
  14 howler monkeys
  8 wights
  5 electric eels (Lair:2)
  4 centaur zombies
  A jelly (D:6)
  9 hounds
  41 orc priests
  A centaur skeleton (D:4)
  A gnoll shaman (D:7)
  A bullfrog skeleton (D:5)
  4 iguanas
  18 orc wizards
  2 killer bee zombies
  A hound skeleton (D:4)
  A howler monkey zombie (D:8)
  8 adders
  15 gnolls
  A shadow imp (D:6)
  2 white imps
  2 ufetubi
  91 orcs
  11 bats
  5 endoplasms
  3 giant cockroaches
  11 goblins
  8 hobgoblins
  2 jackals (D:3)
  6 quokkas
  6 ball pythons
  2 frilled lizards
  5 kobolds
  5 rats
625 creatures vanquished.

Vanquished Creatures (collateral kills)
  A troll (D:13)
  3 slime creatures (D:14)
4 creatures vanquished.

Vanquished Creatures (others)
  27 fungi
  59 plants
86 creatures vanquished.

Grand Total: 715 creatures vanquished
